 Dungeon Crawl Stone Soup version 0.22-a0-601-gb0ed703ee0 (webtiles) character file.

18 PikkenKukken the Cutter (level 2, 0/25 HPs)
             Began as a Draconian Gladiator on July 7, 2018.
             Succumbed to an adder's poison
             ... on level 2 of the Dungeon.
             The game lasted 00:01:59 (633 turns).

PikkenKukken the Cutter (Draconian Gladiator)        Turns: 633, Time: 00:02:00

Health: 0/25       AC:  4    Str: 16    XL:     2   Next: 51%
Magic:  2/2        EV: 13    Int:  8    God:
Gold:   21         SH:  0    Dex: 12    Spells: 1/1 levels left

rFire    . . .     SeeInvis .   a - +0 rapier
rCold    . . .     Gourm    .   (no shield)
rNeg     . . .     Faith    .   (armour unavailable)
rPois    .         Spirit   .   b - +0 hat
rElec    .         Reflect  .   (no cloak)
rCorr    .         Harm     .   (no gloves)
MR       .....                  (no boots)
Stlth    +.........             (no amulet)
HPRegen  0.08/turn              (no ring)
MPRegen  0.08/turn              (no ring)

@: lethally poisoned (0 -> -11), hasted, very quick
A: unfitting armour, cold-blooded, AC +4
a: no special abilities


You were on level 2 of the Dungeon.
You were not hungry.

You visited 1 branch of the dungeon, and saw 2 of its levels.

You collected 21 gold pieces.

Inventory:

Hand Weapons
 a - a +0 rapier (weapon)
Missiles
 c - 3 throwing nets
 i - 5 tomahawks of returning (quivered)
Armour
 b - a +0 hat (worn)
Scrolls
 e - a scroll of remove curse {unknown}
 g - a scroll of teleportation {unknown}
 h - a scroll of magic mapping {unknown}
Comestibles
 d - a ration
 j - a chunk of flesh


   Skills:
 + Level 2.5 Fighting
 + Level 3.2 Short Blades
 + Level 2.0 Throwing
 + Level 3.0 Dodging


You had one spell level left.
You didn't know any spells.
Your spell library was empty.

Dungeon Overview and Level Annotations

Branches:
Dungeon (2/15)

Altars:
Fedhas
Uskayaw
Xom
Yredelemnul
Zin


Innate Abilities, Weirdness & Mutations

Your plain brown scales are hard. (AC +4)
You cannot fit into any form of body armour.
You are cold-blooded and may be slowed by cold attacks.


Message History

The adder bites you.
You are poisoned.
The adder poisons you! The kobold hits you with a whip. The adder bites you.
You are lethally poisoned!
The adder poisons you! The kobold hits you with a whip.
It was a potion of haste.
You feel yourself speed up.
You feel sick. The adder bites you but does no damage.
The kobold hits you but does no damage.
You barely miss the kobold.
You feel sick. The adder bites you but does no damage.
You closely miss the kobold.
You feel sick. The adder bites you but does no damage.
The kobold hits you with a whip!
* * * LOW HITPOINT WARNING * * *
Unknown command.
You hit the kobold.
The kobold is severely wounded.
The adder barely misses you. The kobold closely misses you.
Unknown command.
You hit the kobold.
You kill the kobold!
You die...

#.. .# .. .#
#.###.. .[.!. #
#...# ..# # #.?.
....#.#.S### #
........@..#.###
#....##).......
####..<.).....#
#...........
####..#.....
#.###..[. ...
.... ..## #..
..# ##


You could see an adder.

Vanquished Creatures
  5 goblins
  2 hobgoblins (D:1)
  5 bats (D:1)
  2 kobolds
  6 rats (D:1)
20 creatures vanquished.

Notes
Turn   | Place    | Note
-------+----------+-------------------------------------------
     0 | D:1      | PikkenKukken the Draconian Gladiator began the quest for the Orb.
     0 | D:1      | Reached XP level 1. HP: 17/17 MP: 1/1
   270 | D:1      | Reached XP level 2. HP: 24/25 MP: 2/2
   585 | D:1      | Found a shimmering altar of Xom.
   587 | D:1      | Found a basalt altar of Yredelemnul.
   587 | D:1      | Found a white marble altar of Elyvilon.
   589 | D:1      | Found a glowing silver altar of Zin.
   589 | D:1      | Found a blossoming altar of Fedhas.
   589 | D:1      | Found a hide-covered altar of Uskayaw.
   631 | D:2      | HP: 1/25 [kobold/whip (7)]
   633 | D:2      | Succumbed to an adder's poison

Vault maps used:
D:1:      shiori_arrival_whats_in_store_for_you, doesnt_xom_only_xom
D:2:      nicolae_ru_sacrificial_ziggurat, okawaru_trees_1, first_ration,
          serial_curves, eino_curves_02, eino_curves_04, eino_curves_03,
          uniq_sigmund

Skill      XL: |  1  2 |
---------------+-------+-----
Throwing       | 2 |  2.0
Dodging        | 3 |  3.0
Fighting       | |  2.5
Short Blades   | |  3.2

Action                   || total
-------------------------++-------
Melee: Rapier            ||    52
       Tailslap          ||     1
  Use: Potion            ||     1
 Stab: Sleeping          ||     1
Armor: Skin              ||    20
Dodge: Dodged            ||    40

Table legend:
 A = Spawn XP
 B = Non-spawn XP
 C = Spawn XP percentage of total XP
 D = Spawn monster count
 E = Non-spawn monster count
 F = Spawn count percentage of total count
 G = Total turns spent on level
                    A         B        C        D         E        F      G
               +---------+---------+-------+---------+---------+-------+---------
         Total |       0 |      27 |   0.0 |       0 |      20 |   0.0 |   633
               +---------+---------+-------+---------+---------+-------+---------
           D:1 |       0 |      24 |   0.0 |       0 |      18 |   0.0 |   618
           D:2 |       0 |       3 |   0.0 |       0 |       2 |   0.0 |    15
               +---------+---------+-------+---------+---------+-------+---------
